 Dungeon Crawl Stone Soup version 0.18.1-8-gdd0e5ea (webtiles) character file.

195004 deorigin the Spry (level 17, -1/184 HPs)
             Began as a Purple Draconian Transmuter on June 6, 2016.
             Was the Champion of Okawaru.
             Slain by Mara (illusionary)
             ... wielding a +5 vampiric demon trident
              (15 damage)
             ... on level 3 of the Spider Nest on June 7, 2016.
             The game lasted 02:37:10 (42357 turns).

deorigin the Spry (Purple Draconian Transmuter)    Turns: 42357, Time: 02:37:11

Health: -1/184     AC: 13    Str: 18    XL:     17   Next: 69%
Magic:  26/31      EV: 24    Int: 18    God:    Okawaru [******]
Gold:   2137       SH:  0    Dex: 17    Spells: 9 memorised, 11 levels left

rFire  + + +     SeeInvis +       - Unarmed
rCold  . . .     Gourm    .     (armour unavailable)
rNeg   . . .     Faith    .     (shield currently unavailable)
rPois  +         Spirit   .     (helmet restricted)
rElec  +         Dismiss  .     J - +2 cloak {MR+}
rCorr  .         Reflect  .     (gloves currently unavailable)
SustAt .         Harm     .     W - +0 pair of boots of Ciniups {rElec rF++ rC- Regen+}
MR     +++..                    N - amulet of regeneration
Stlth  +++++.....               z - ring "Coraun" {rF+ rC+ Dex+5 Stlth+}
                                R - ring of protection from fire

@: mighty, blade hands (expiring), very slightly contaminated, extremely
resistant to hostile enchantments, quite stealthy
A: breathe power, unfitting armour, see invisible, dopey 1, poison resistance,
robust 2, evolution 1, cold-blooded, AC +9
a: Breathe Dispelling Energy, End Transformation, Heroism, Finesse, Renounce
Religion
}: 1/15 runes: decaying


You were on level 3 of the Spider Nest.
You worshipped Okawaru.
Okawaru was exalted by your worship.
You were not hungry.
You had blades for hands.
You visited 5 branches of the dungeon, and saw 33 of its levels.

You collected 3199 gold pieces.
You spent 1062 gold pieces at shops.

Inventory:

Hand Weapons
 V - a +0 blowgun
 X - a +0 whip of electrocution
Missiles
 a - 680 arrows
 d - 8 curare-tipped needles
Armour
 n - a +0 pair of boots
 J - a +2 cloak of magic resistance (worn)
 K - a +2 pair of gloves of archery (melded)
 W - the +0 pair of boots of Ciniups (worn) {rElec rF++ rC- Regen+}
   (Okawaru gifted it to you on level 3 of the Swamp)

   It greatly protects you from fire.
   It makes you vulnerable to cold.
   It insulates you from electricity.
   It increases your rate of regeneration.
Jewellery
 b - an uncursed ring of positive energy
 l - a +5 ring of evasion
 o - an uncursed amulet of magic regeneration
 q - a +3 ring of dexterity
 z - the ring "Coraun" (right scythe-like blade) {rF+ rC+ Dex+5 Stlth+}
   (You acquired it on level 11 of the Dungeon)

   [ring of stealth]

   It affects your dexterity (+5).
   It protects you from fire.
   It protects you from cold.
   It makes you more stealthy.
 H - a +3 ring of slaying
 I - an uncursed ring of wizardry
 L - an uncursed ring of positive energy
 N - an amulet of regeneration (around neck)
 O - an uncursed ring of protection from cold
 Q - a +3 ring of protection
 R - a ring of protection from fire (left scythe-like blade)
 T - an uncursed ring of protection from cold
 U - an uncursed amulet of faith
Wands
 i - a wand of heal wounds (1/9)
 A - a wand of digging (10/24)
 B - a wand of disintegration (11/24)
 E - a wand of acid (8/15)
Scrolls
 g - 7 scrolls of magic mapping
 h - 12 scrolls of teleportation
 j - 8 scrolls of enchant weapon
 k - a scroll of amnesia
 p - 3 scrolls of recharging
 r - 3 scrolls of fear
 t - 10 scrolls of remove curse
 v - a scroll of summoning
 y - 3 scrolls of enchant armour
 S - 6 scrolls of fog
Potions
 m - 16 potions of curing
 s - 3 potions of magic
 w - 5 potions of resistance
 C - 5 potions of ambrosia
 F - 2 potions of berserk rage
 M - a potion of might
 P - a potion of cure mutation
 Y - 7 potions of haste
 Z - 4 potions of invisibility
Miscellaneous
 e - a stone of tremors
Comestibles
 c - 15 bread rations
 u - 21 meat rations


   Skills:
 + Level 14.8 Fighting
   Level 1.1 Short Blades
 - Level 1.5 Maces & Flails
 - Level 15.1 Dodging
 - Level 9.1 Stealth
 - Level 15.1 Unarmed Combat
 - Level 10.4 Spellcasting
 - Level 5.0 Charms
 - Level 2.9 Summonings
 - Level 9.8 Transmutations
 - Level 6.0 Ice Magic
 - Level 3.0 Poison Magic
 - Level 7.5 Invocations


You had 11 spell levels left.
You knew the following spells:

 Your Spells              Type           Power        Failure   Level  Hunger
a - Beastly Appendage     Trmt           #####.       10%         1    None
b - Sticks to Snakes      Trmt           #####...     10%         2    None
c - Spider Form           Trmt/Pois      ####......   17%         3    None
d - Blade Hands           Trmt           #####.....   32%         5    #####..
e - Ice Form              Ice/Trmt       #####...     24%         4    ###....
f - Ozocubu's Armour      Chrm/Ice       ####....     24%         3    None
g - Summon Ice Beast      Ice/Summ       ####....     54%         4    ###....
h - Apportation           Tloc           #.........   45%         1    None
i - Blink                 Tloc           N/A          50%         2    None


Dungeon Overview and Level Annotations

Branches:
Dungeon (15/15)            Temple (0/1) D:7            Lair (8/8) D:10
  Swamp (4/4) Lair:6       Spider (4/4) Lair:6        Slime (0/6) Lair:7
    Orc (2/2) D:11            Elf (0/3) Orc:2        Vaults (0/5) D:13
 Depths (0/5) D:15

Altars:
Ashenzari
Cheibriados
Elyvilon
Gozag
Nemelex Xobeh
Okawaru
Pakellas
Ru
Sif Muna
Trog
Vehumet
Xom
Yredelemnul
Zin
The Shining One

Shops:
D:4 %   D:6 }   D:7 *   D:12 }   Orc:2 }*}*

Annotations:
D:3 Scarto's ghost, amateur DsFi
D:6 deorigin's ghost, novice DrTm
D:15 exclusion: Roxanne, Roxanne
Lair:7 exclusion: oklob plant
Swamp:4 Lernaean hydra
Spider:3 Mara


Innate Abilities, Weirdness & Mutations

You can breathe bolts of dispelling energy.
Your rich purple scales are hard (AC +9).
Your body does not fit into most forms of armour.
You are cold-blooded and may be slowed by cold attacks.
You have supernaturally acute eyesight.
You are dopey. (Int -2)
Your system is resistant to poisons.
You are very robust (+20% HP).
You evolve.


Message History

Mara hits you from afar with a vampiric demon trident!
* * * LOW HITPOINT WARNING * * *
Mara draws strength from your injuries!
Mara blinks!
Mara blinks!
Mara blinks!
Mara hits you but does no damage.
Your transformation is almost over.
Mara barely misses you.
Mara hits you with a vampiric demon trident.
* * * LOW HITPOINT WARNING * * *
You completely miss Mara.
Mara is almost dead.
Mara blinks!
Deorigin's illusion hits you but does no damage.
Mara hits you from afar with a vampiric demon trident!
* * * LOW HITPOINT WARNING * * *
You shred Mara!!!
Mara is almost dead.
Mara says, "Entranced by some poetic flight, are you?"
Mara hits you with a vampiric demon trident!
You die...

###.......##.....## #.#...# ##...
##.#..##..#..§## #...^.###....
##.##^.###..#..^####.###..†....#
##.####.# #...........# #####...#
.#.# ### #...#...###.## ##...
#.## ##.......####.# ###..#
##.##### #..#..R...###.#####..###
.......###.##^....###...##..####.
...###.##.###.<@@.......#..##.###
#.#.....#.# #...R......##..#..###
###.###...######....#..##.#....##
# ##....##..............#.#....##
# ##....).......#.......####....#
###.###.....^..##......######....
#.#............###....###.####...
...###.........# #....##......###
...............###.###>.......##


You could see 2 Maras and deorigin's illusion.

Vanquished Creatures
  Arachne (Spider:3)
  Frances (D:12)
  Agnes (D:15)
  2 thorn hunters
  Maud (D:13)
  Donald (Swamp:2)
  A ghost moth (Spider:2)
  An emperor scorpion (Spider:1)
  Louise (Spider:3)
  A spark wasp (Spider:3)
  An entropy weaver (Spider:3)
  2 yaktaur captains
  An ice dragon (Lair:8)
  Josephine (Orc:2)
  28 hydras
  Fannar (Orc:1)
  A death knight (D:12)
  2 centaur warriors
  5 alligators
  A catoblepas (Lair:8)
  A ghost crab (Swamp:2)
  4 death yaks (Lair:5)
  4 orc high priests (Orc:2)
  2 phantasmal warriors
  2 unseen horrors
  13 swamp dragons
  2 shambling mangroves (Swamp:3)
  A lindwurm (Lair:8)
  An orc knight (Orc:1)
  3 hill giants
  2 orc sorcerers
  15 orb spiders
  A deep elf mage (D:14)
  2 cyclopes
  3 manticores
  27 wolf spiders
  7 griffons
  3 hornets
  21 ugly things
  3 moths of wrath (Spider:3)
  6 torpor snails
  5 elephants (Lair:5)
  6 black mambas
  Joseph (D:7)
  2 gargoyles
  24 spiny frogs
  2 kobold demonologists
  12 komodo dragons
  An efreet (D:14)
  A rime drake (Lair:8)
  4 freezing wraiths
  9 demonic crawlers
  3 yaktaurs
  A queen bee (D:13)
  4 trolls
  A polar bear (Lair:7)
  15 slime creatures
  26 jumping spiders
  A harpy skeleton (D:15)
  23 blink frogs
  A boulder beetle (Spider:3)
  11 bog bodies
  11 giant leeches
  61 redbacks
  3 shadows
  26 tarantellas
  2 wyverns
  58 yaks
  7 wraiths
  Eustachio (D:5)
  Grum (D:9)
  4 basilisks
  4 hungry ghosts
  8 hippogriffs
  A steam dragon (D:8)
  4 mottled dragons
  12 swamp worms
  20 vampire mosquitoes
  12 insubstantial wisps
  Duvessa (D:4)
  13 porcupines
  21 orc warriors
  13 water moccasins
  16 swamp drakes
  10 wasps
  A sky beast (D:7)
  3 black bears
  An ice beast (shapeshifter) (D:15)
  3 eyes of draining
  6 ice beasts
  3 phantoms
  10 ogres
  32 wolves
  19 crocodiles
  12 centaurs
  2 big kobolds
  16 giant frogs
  A gnoll sergeant (D:6)
  Dowan (D:4)
  2 wyvern skeletons
  7 scorpions
  33 killer bees
  A water moccasin skeleton (D:7)
  7 wights
  2 electric eels (Spider:2)
  5 crimson imps
  A wasp zombie (D:9)
  A giant frog zombie (D:12)
  2 giant frog skeletons
  12 hounds
  31 orc priests
  A centaur skeleton (D:11)
  3 jellies
  Jessica (D:2)
  A gnoll shaman (D:6)
  5 iguanas
  24 orc wizards
  11 worker ants
  Ijyb (D:3)
  2 killer bee zombies
  A hound zombie (D:6)
  A mummy (D:4)
  Robin (D:4)
  19 gnolls
  17 river rats
  12 adders
  2 shadow imps
  An ooze (D:5)
  An adder zombie (D:6)
  3 adder skeletons
  24 worms
  2 dart slugs
  2 giant geckos
  55 orcs
  2 ball pythons
  3 giant cockroaches
  21 goblins
  9 hobgoblins
  9 jackals
  6 quokkas
  13 bats
  5 giant newts
  2 goblin zombies (D:4)
  16 kobolds
  2 quokka skeletons
  A quokka zombie (D:5)
  6 rats
1138 creatures vanquished.

Vanquished Creatures (others)
  A thorn hunter (Swamp:2)
  A swamp dragon (Swamp:2)
  A hill giant (D:13)
  2 orb spiders (Spider:4)
  A wizard (D:3)
  A tarantella (Spider:1)
  A redback (Spider:2)
  A yak (D:9)
  A vampire mosquito (Swamp:4)
  An adder (D:6)
  8 briar patches (Swamp:2)
  8 fungi
  4 plants (Lair:8)
  4 toadstools (D:1)
35 creatures vanquished.

Grand Total: 1173 creatures vanquished

Notes
Turn   | Place    | Note
--------------------------------------------------------------
     0 | D:1      | deorigin the Draconian Transmuter began the quest for the Orb.
     0 | D:1      | Reached XP level 1. HP: 16/16 MP: 3/3
   367 | D:1      | Reached XP level 2. HP: 23/23 MP: 5/5
   409 | D:1      | Learned a level 2 spell: Sticks to Snakes
   791 | D:2      | Noticed Jessica
   801 | D:2      | Killed Jessica
   801 | D:2      | Reached XP level 3. HP: 28/28 MP: 4/6
   806 | D:2      | Learned a level 3 spell: Spider Form
  1375 | D:2      | Reached XP level 4. HP: 35/35 MP: 7/7
  1489 | D:2      | Reached skill level 1 in Poison Magic
  1895 | D:3      | Noticed Ijyb
  1897 | D:3      | Noticed Scarto's ghost (amateur DsFi)
  2069 | D:3      | Found a bloodstained altar of Trog.
  2078 | D:3      | Noticed a wizard
  2080 | D:3      | Killed a wizard
  2259 | D:3      | Killed Ijyb
  2470 | D:4      | Found a sacrificial altar of Ru.
  2483 | D:4      | Reached XP level 5. HP: 40/40 MP: 8/8
  2501 | D:4      | Found Suufuac's Food Emporium.
  2501 | D:4      | Noticed Dowan
  2502 | D:4      | Noticed Duvessa
  2878 | D:4      | Killed Duvessa
  2878 | D:4      | Reached skill level 5 in Transmutations
  2878 | D:4      | Reached XP level 6. HP: 29/47 MP: 6/9
  2883 | D:4      | Killed Dowan
  3039 | D:4      | Noticed Robin
  3098 | D:4      | Killed Robin
  3263 | D:4      | Found a basalt altar of Yredelemnul.
  3263 | D:4      | Found an oddly glowing altar of Pakellas.
  3266 | D:4      | Found a radiant altar of Vehumet.
  3279 | D:4      | Found an iron altar of Okawaru.
  3279 | D:4      | Found a shimmering altar of Xom.
  3281 | D:4      | Found a snail-covered altar of Cheibriados.
  3282 | D:4      | Found a deep blue altar of Sif Muna.
  3284 | D:4      | Found an opulent altar of Gozag.
  3318 | D:4      | Became a worshipper of Warmaster Okawaru
  3623 | D:4      | Got a warped hand axe
  3624 | D:4      | Identified the +9 hand axe of Mafokk {freeze, +Blink rC+++ Int+2 Stlth-} (You found it on level 4 of the Dungeon)
  3660 | D:4      | Your scales start taking on a rich purple colour.
  3660 | D:4      | Reached XP level 7. HP: 52/52 MP: 6/10
  4058 | D:5      | Entered Level 5 of the Dungeon
  4134 | D:5      | Reached * piety under Okawaru
  4862 | D:5      | Noticed Eustachio
  4893 | D:5      | Killed Eustachio
  4893 | D:5      | Reached XP level 8. HP: 32/59 MP: 11/11
  5149 | D:5      | Learned a level 5 spell: Blade Hands
  5309 | D:5      | Found a white marble altar of Elyvilon.
  5962 | D:6      | Noticed deorigin's ghost (novice DrTm)
  6117 | D:6      | Reached ** piety under Okawaru
  6342 | D:6      | Found Byachah's Gadget Shoppe.
  7261 | D:5      | Reached skill level 1 in Stealth
  7267 | D:6      | Reached XP level 9. HP: 59/69 MP: 8/13
  8564 | D:7      | Noticed Joseph
  8580 | D:7      | Killed Joseph
  8580 | D:7      | Reached *** piety under Okawaru
  8580 | D:7      | Reached skill level 5 in Unarmed Combat
  8581 | D:7      | Found a shattered altar of Ashenzari.
  8885 | D:7      | Found a staircase to the Ecumenical Temple.
  8894 | D:7      | Found a shattered altar of Ashenzari.
  8993 | D:7      | Found a glowing golden altar of the Shining One.
  9217 | D:7      | Reached skill level 5 in Fighting
  9327 | D:7      | Found Zin's Purification Station.
  9327 | D:7      | Found a glowing silver altar of Zin.
  9693 | D:7      | Reached **** piety under Okawaru
  9926 | D:8      | Reached XP level 10. HP: 60/84 MP: 11/14
 10143 | D:8      | Reached skill level 1 in Short Blades
 10202 | D:8      | Reached skill level 5 in Dodging
 10301 | D:8      | Learned a level 4 spell: Ice Form
 10453 | D:8      | Reached skill level 1 in Ice Magic
 11175 | D:9      | Reached skill level 5 in Spellcasting
 11223 | D:9      | Noticed Grum
 11241 | D:9      | Killed Grum
 12029 | D:8      | HP: 4/84 [steam dragon (1)]
 12611 | D:9      | Reached ***** piety under Okawaru
 13032 | D:10     | Entered Level 10 of the Dungeon
 13036 | D:10     | Reached XP level 11. HP: 91/91 MP: 14/20
 13225 | D:10     | Found a staircase to the Lair.
 13241 | D:10     | Killed an unseen horror
 13825 | D:11     | Identified a scroll of acquirement
 13829 | D:11     | Got an ancient golden ring
 13832 | D:11     | Identified the ring "Coraun" {rF+ rC+ Dex+5 Stlth+} (You acquired it on level 11 of the Dungeon)
 13837 | D:11     | Found a staircase to the Orcish Mines.
 13948 | D:11     | Noticed a green ugly thing
 13957 | D:11     | Killed a green ugly thing
 13957 | D:11     | Reached skill level 1 in Maces & Flails
 14197 | D:11     | Noticed a hill giant
 14212 | D:11     | Killed a hill giant
 14321 | D:11     | Noticed a hill giant
 14332 | D:11     | Killed a hill giant
 14681 | D:11     | Received a gift from Okawaru
 14922 | D:11     | Identified the Almanac of Envenoming and Confrontation (You found it on level 11 of the Dungeon)
 15203 | D:12     | Noticed Frances
 15205 | D:12     | Noticed a sun demon
 15489 | Lair:1   | Entered Level 1 of the Lair of Beasts
 16023 | Lair:1   | Reached ****** piety under Okawaru
 16024 | Lair:1   | Received a gift from Okawaru
 16024 | Lair:1   | Reached skill level 10 in Dodging
 16036 | Lair:1   | Reached XP level 12. HP: 48/97 MP: 18/21
 16219 | Lair:1   | Noticed a six-headed hydra
 16288 | Lair:1   | Killed a six-headed hydra
 16581 | Lair:1   | Noticed a five-headed hydra
 16597 | Lair:1   | Killed a five-headed hydra
 17154 | Lair:2   | Noticed a seven-headed hydra
 17163 | Lair:2   | Killed a seven-headed hydra
 18234 | Lair:3   | Reached skill level 10 in Fighting
 18320 | Lair:3   | Noticed a five-headed hydra
 18332 | Lair:3   | Killed a five-headed hydra
 18639 | Lair:3   | Reached skill level 10 in Unarmed Combat
 18653 | Lair:3   | Gained mutation: You evolve. [potion of beneficial mutation]
 18814 | Lair:3   | Noticed a six-headed hydra
 18827 | Lair:3   | Killed a six-headed hydra
 18939 | Lair:3   | Gained mutation: You are robust (+10% HP). [potion of beneficial mutation]
 19239 | Lair:3   | Gained mutation: You are resistant to hostile enchantments. [evolution]
 19331 | Lair:4   | Received a gift from Okawaru
 19430 | Lair:4   | Found a sparkling altar of Nemelex Xobeh.
 20328 | Lair:5   | Reached XP level 13. HP: 118/124 MP: 20/26
 20373 | Lair:5   | Reached skill level 10 in Spellcasting
 21939 | Lair:6   | Received a gift from Okawaru
 21940 | Lair:6   | Found a hole to the Spider Nest.
 21945 | Lair:6   | Reached skill level 5 in Stealth
 22183 | Lair:6   | Found a staircase to the Swamp.
 23221 | Lair:7   | Lost mutation: You are resistant to hostile enchantments. [evolution]
 23324 | Lair:7   | Reached XP level 14. HP: 101/133 MP: 24/28
 23469 | Lair:7   | Found a staircase to the Slime Pits.
 23623 | Lair:8   | Entered Level 8 of the Lair of Beasts
 23934 | Lair:8   | Learned a level 3 spell: Ozocubu's Armour
 24290 | Lair:8   | Found a runed door.
 24506 | Lair:8   | Received a gift from Okawaru
 24586 | Lair:8   | Got a jewelled quick blade {god gift}
 24609 | Lair:8   | Reached skill level 5 in Ice Magic
 24996 | Lair:8   | Reached skill level 1 in Charms
 25167 | Lair:8   | Gained mutation: You are dopey. (Int -2) [evolution]
 25209 | Lair:8   | Reached skill level 5 in Charms
 25488 | Lair:8   | Received a gift from Okawaru
 25765 | Lair:1   | Learned a level 4 spell: Summon Ice Beast
 25834 | Orc:1    | Entered Level 1 of the Orcish Mines
 25858 | Orc:1    | Noticed Fannar
 25872 | Orc:1    | Killed Fannar
 25872 | Orc:1    | Reached skill level 1 in Summonings
 26372 | Orc:2    | Entered Level 2 of the Orcish Mines
 26652 | Orc:2    | Gained mutation: You are very robust (+20% HP). [evolution]
 26829 | Orc:2    | Found a staircase to the Elven Halls.
 27284 | Orc:2    | Noticed Josephine
 27296 | Orc:2    | Killed Josephine
 27296 | Orc:2    | Received a gift from Okawaru
 27385 | Orc:2    | Found Cetaef's General Store.
 27385 | Orc:2    | Found Feerah's Gadget Emporium.
 27388 | Orc:2    | Found Giloic's Gadget Shoppe.
 27390 | Orc:2    | Found Ynumed's Assorted Antiques.
 27415 | Orc:2    | Bought a scroll of identify for 30 gold pieces
 27415 | Orc:2    | Bought a potion of might for 60 gold pieces
 27417 | Orc:2    | Bought a scroll labeled SUTSON MINLIEH for 27 gold pieces
 27417 | Orc:2    | Bought a potion of heal wounds for 135 gold pieces
 27793 | D:12     | Killed Frances
 28068 | D:12     | Found Cilul's Gadget Shoppe.
 28071 | D:12     | Bought a wand of heal wounds (5/9) for 810 gold pieces
 28529 | D:13     | Noticed Maud
 28546 | D:13     | Killed Maud
 28546 | D:13     | Reached XP level 15. HP: 100/160 MP: 15/29
 29479 | D:13     | Found a gate to the Vaults.
 29864 | D:14     | Received a gift from Okawaru
 30365 | D:14     | Reached skill level 5 in Invocations
 30547 | D:15     | Entered Level 15 of the Dungeon
 30585 | D:15     | Found a staircase to the Depths.
 30974 | D:15     | Noticed Roxanne
 31326 | D:15     | Noticed Agnes
 31355 | D:15     | Killed Agnes
 31700 | D:15     | Received a gift from Okawaru
 31966 | Lair:1   | Learned a level 1 spell: Apportation
 31969 | Lair:1   | Learned a level 2 spell: Blink
 32060 | Swamp:1  | Entered Level 1 of the Swamp
 32239 | Swamp:1  | Gained mutation: Your system is resistant to poisons. [evolution]
 32888 | Swamp:2  | Noticed Donald
 33291 | Swamp:2  | Noticed a thorn hunter
 33303 | Swamp:2  | Killed a thorn hunter
 33759 | Swamp:2  | Reached XP level 16. HP: 174/174 MP: 24/30
 33870 | Swamp:2  | Killed Donald
 34432 | Swamp:3  | Noticed a thorn hunter
 34449 | Swamp:3  | Killed a thorn hunter
 35318 | Swamp:4  | Entered Level 4 of the Swamp
 35350 | Swamp:3  | Received a gift from Okawaru
 35362 | Swamp:3  | Got a pair of heavily runed boots {god gift}
 35408 | Swamp:3  | Identified the +0 pair of boots of Ciniups {rElec rF++ rC- Regen+} (Okawaru gifted it to you on level 3 of the Swamp)
 36510 | Swamp:4  | Noticed the 27-headed Lernaean hydra
 37176 | Swamp:4  | Reached skill level 15 in Dodging
 37277 | Swamp:4  | Received a gift from Okawaru
 37313 | Swamp:4  | Noticed a thorn hunter
 37331 | Swamp:4  | Killed a thorn hunter
 37516 | Swamp:4  | Got a decaying rune of Zot
 37654 | Spider:1 | Entered Level 1 of the Spider Nest
 38328 | Spider:1 | Gained mutation: You have supernaturally acute eyesight. [evolution]
 38921 | Spider:2 | Reached XP level 17. HP: 178/181 MP: 25/31
 39650 | Spider:2 | Received a gift from Okawaru
 39996 | Spider:3 | Noticed Louise
 40033 | Spider:3 | Killed Louise
 40465 | Spider:3 | Noticed Arachne
 40528 | Spider:3 | Killed Arachne
 40528 | Spider:3 | Reached skill level 15 in Unarmed Combat
 41675 | Spider:4 | Entered Level 4 of the Spider Nest
 41858 | Spider:4 | Noticed Mara
 41936 | Spider:4 | Noticed deorigin's illusion
 42067 | Spider:4 | Noticed deorigin's illusion
 42333 | Spider:3 | Noticed deorigin's illusion
 42357 | Spider:3 | Slain by Mara (illusionary)

Skill      XL: |  1  2  3  4  5  6  7  8  9 10 11 12 13 14 15 16 17 |
---------------+----------------------------------------------------+-----
Transmutations | 3 4 5 7 9 |  9.8
Poison Magic   | 3 |  3.0
Fighting       | 3 6 10 12 13 14 | 14.8
Dodging        | 3 4 5 10 12 15 | 15.1
Invocations    | 2 7 |  7.5
Spellcasting   | 3 6 9 10 | 10.4
Stealth        | 1 4 8 9 |  9.1
Unarmed Combat | 5 8 9 10 12 13 15 | 15.1
Short Blades   | 1 |  1.1
Ice Magic      | 2 6 |  6.0
Maces & Flails | 1 |  1.5
Charms         | 5 |  5.0
Summonings     | 2 |  2.9

Action                   |  1- 3 |  4- 6 |  7- 9 | 10-12 | 13-15 | 16-18 || total
-------------------------+-------+-------+-------+-------+-------+-------++-------
Melee: Unarmed           |    76 |   217 |   494 |   622 |  1411 |  1058 ||  3878
       Tailslap          |     5 |     5 |    16 |    88 |   206 |   101 ||   421
       Headbutt          |       |     2 |     2 |     1 |       |       ||     5
       Punch             |       |     1 |     4 |    19 |    86 |    49 ||   159
       Hand axe          |       |       |    22 |       |       |       ||    22
       Dagger            |       |       |       |   142 |       |       ||   142
       Whip              |       |       |       |    61 |   147 |    47 ||   255
Throw: Throwing net      |       |       |     1 |       |     1 |       ||     2
 Cast: Beastly Appendage |     1 |     7 |     1 |     1 |       |       ||    10
       Spider Form       |     2 |    13 |    40 |    24 |       |       ||    79
       Blade Hands       |       |       |    11 |    47 |   130 |   101 ||   289
       Ice Form          |       |       |       |     5 |     8 |    15 ||    28
       Ozocubu's Armour  |       |       |       |       |    38 |    74 ||   112
       Sticks to Snakes  |       |       |       |       |     1 |       ||     1
       Summon Ice Beast  |       |       |       |       |       |     1 ||     1
Invok: Heroism           |       |       |     3 |    21 |    16 |     8 ||    48
 Abil: Breathe Dispellin |       |       |     1 |       |       |       ||     1
       End Transformatio |       |       |       |     4 |     3 |     7 ||    14
Evoke: Wand              |       |       |       |       |       |     8 ||     8
  Use: Scroll            |       |       |     8 |    11 |    12 |    14 ||    45
       Potion            |       |       |       |     3 |     6 |     3 ||    12
 Stab: Sleeping          |     1 |     1 |     1 |    12 |    27 |     7 ||    49
       Invisible         |       |     1 |       |       |       |       ||     1
       Distracted        |       |       |       |     2 |     1 |       ||     3
  Eat: Chunk             |     2 |     8 |    20 |    32 |    65 |    29 ||   156
       Beef jerky        |       |     1 |     2 |     5 |     5 |     4 ||    17
       Royal jelly       |       |       |     1 |       |       |     7 ||     8
       Pizza             |       |       |     1 |     1 |     1 |       ||     3
       Meat ration       |       |       |     1 |       |       |       ||     1
       Bread ration      |       |       |       |     2 |       |     1 ||     3
       Fruit             |       |       |       |       |     4 |     3 ||     7
Armor: Skin              |    34 |    45 |    37 |   105 |   323 |   391 ||   935
Dodge: Dodged            |    72 |   227 |   449 |   749 |  1790 |  1982 ||  5269
